 Dungeon Crawl Stone Soup version 0.29-a0-330-g52719c12eb (webtiles) character file.

Game seed: 4919192132734919569

782 Anon1729 the Skirmisher (level 7, -2/87 HPs)
             Began as a Barachi Fighter on Apr 16, 2022.
             Slain by Edmund
             ... wielding a +2 flail of holy wrath
              (5 damage)
             ... on level 4 of the Dungeon.
             The game lasted 00:05:03 (2556 turns).

Anon1729 the Skirmisher (Barachi Fighter)           Turns: 2556, Time: 00:05:03

Health: -2/87      AC: 10    Str: 19    XL:     7   Next: 86%
Magic:  7/7        EV:  9    Int:  8    God:
Gold:   90         SH:  5    Dex: 12    Spells: 6/6 levels left

rFire   . . .      SeeInvis .   a - +0 long sword
rCold   . . .      Faith    .   c - +0 buckler
rNeg    . . .      Spirit   .   b - +0 scale mail
rPois   .          Reflect  .   o - +0 helmet
rElec   .          Harm     .   (no cloak)
rCorr   +          Rampage  .   j - +0 pair of gloves
Will    .....                   (no boots)
Stlth   ..........              g - amulet of regeneration
HPRegen 1.04/turn               q - ring of resist corrosion
MPRegen 0.10/turn               (no ring)

@: berserking, unable to hop, very quick
A: amphibious, slowness 1, strong legs 1, +LOS, claws 1
a: Hop


You were on level 4 of the Dungeon.
You visited 1 branch of the dungeon, and saw 5 of its levels.

You collected 156 gold pieces.
You spent 66 gold pieces at shops.

Inventory:

Hand Weapons
 a - a +0 long sword (weapon)
 y - the +4 spear "Agecy" {vorpal, Contam Fragile Will+++ Int+8}
   (You found it on level 4 of the Dungeon)

   It inflicts extra damage upon your enemies.
   Int:       It affects your intelligence (+8).
   Contam:    It causes magical contamination when unequipped.
   Fragile:   It will be destroyed if unequipped.
   Will:      It greatly increases your willpower.
Armour
 b - a +0 scale mail (worn)
 c - a +0 buckler (worn)
 j - a +0 pair of gloves (worn)
 n - a +0 cloak
 o - a +0 helmet (worn)
Magical Staves
 r - a staff of death
Jewellery
 g - an amulet of regeneration (around neck)
 q - a ring of resist corrosion (left hand)
Scrolls
 f - 3 scrolls of noise
 h - a scroll of silence
 i - 5 scrolls of teleportation
 l - 2 scrolls of vulnerability
 t - a scroll of magic mapping {unknown}
 v - a scroll of identify
 x - a scroll of enchant armour {unknown}
 z - a scroll of holy word {unknown}
Potions
 d - 2 potions of might
 e - 3 potions of mutation
 k - a potion of flight {unknown}
 m - a potion of curing {unknown}
 p - 2 potions of cancellation
 s - a potion of berserk rage
 u - a potion of degeneration {unknown}
 w - a potion of heal wounds {unknown}


   Skills:
 + Level 6.2 Fighting
 + Level 5.5 Long Blades
 + Level 6.2 Armour
 + Level 5.6 Shields


You had 6 spell levels left.
You didn't know any spells.
Your spell library contained the following spells:

 Spells                   Type           Power      Damage    Failure   Level
 Freeze                   Ice            0%         1d3       83%         1
 Frozen Ramparts          Ice            0%         1d2       99%         3
 Ozocubu's Armour         Ice            0%         N/A       99%         3
 Hailstorm                Conj/Ice       0%         3d3       100%        4
 Summon Lightning Spire   Summ/Air       0%         N/A       100%        4
 Metabolic Englaciation   Hex/Ice        0%         N/A       100%        5
 Simulacrum               Ice/Necr       0%         N/A       100%        6
 Storm Form               Tmut/Air       0%         N/A       100%        7
 Maxwell's Capacitive Co  Air            0%         ∞         100%        8


Dungeon Overview and Level Annotations

Branches:
Dungeon (5/15)
 Temple: D:4-7

Altars:

Shops:
D:2 *

Annotations:
D:4 Edmund


Innate Abilities, Weirdness & Mutations

You are amphibious.
You cover ground slowly.
You can hop short distances.
You have an extended range of vision and can be seen from far away.
You have sharp fingernails.


Message History

The hound attacks as you move away! You block the hound's attack.
The hound barely misses you.
There is a stone staircase leading up here.
The hound bites you but does no damage.
Edmund hits you with a +2 flail of holy wrath!
* * * LOW HITPOINT WARNING * * *
You climb upwards.
There is a stone staircase leading down here.
It was a potion of mutation.
You feel extremely strange.
Your fingernails lengthen.
The hound barely misses you. The hound bites you.
* * * LOW HITPOINT WARNING * * *
Edmund barely misses you.
It was a potion of cancellation.
You feel magically purged. The hound closely misses you.
You block Edmund's attack.
It was a potion of berserk rage.
A red film seems to cover your vision as you go berserk!
You feel yourself moving faster!
You feel mighty! The hound bites you but does no damage.
You block the hound's attack. Edmund hits you but does no damage.
You barely miss Edmund. The hound bites you but does no damage.
You closely miss Edmund.
Edmund hits you with a +2 flail of holy wrath.
* * * LOW HITPOINT WARNING * * *
The hound bites you but does no damage.
You slash Edmund!
Edmund is moderately wounded.
The hound barely misses you.
Edmund hits you with a +2 flail of holy wrath!
* * * LOW HITPOINT WARNING * * *
You completely miss Edmund.
Edmund is moderately wounded.
You block the hound's attack. You block Edmund's attack.
The hound closely misses you.
You barely miss Edmund.
Edmund is moderately wounded.
The hound bites you.
* * * LOW HITPOINT WARNING * * *
Edmund hits you with a +2 flail of holy wrath.
You die...

#.......##.#.........
#.##'#####...........
#.##.#####........##.
#........#........+..
####.###.#........##.
##'###.#........##.
#)[.##.#.#......###
#.[.##.#.######.###
#h@.'...........^..
##..@##.###.#..#.###
#....+..# #.#..#.###
#....#### #.#..#.#..
######....######.#..#.#.#
#....'....'......#.......
#.####....######......#..
####+####....# #.........
#........##### #).....##.


You could see Edmund and a hound.

Vanquished Creatures
  4 black bears
  A scorpion (D:3)
  2 orc priests
  4 orc wizards
  Robin (D:3)
  3 gnolls
  5 adders
  3 dart slugs
  17 orcs
  2 bats
  8 endoplasms
  3 giant cockroaches
  13 goblins
  6 hobgoblins
  4 kobolds
  5 quokkas
  10 ball pythons
  2 frilled lizards (D:2)
  5 rats
98 creatures vanquished.

Vanquished Creatures (others)
  A goblin (D:3)
1 creature vanquished.

Grand Total: 99 creatures vanquished

Notes
Turn   | Place    | Note
-------+----------+-------------------------------------------
     0 | D:1      | Anon1729 the Barachi Fighter began the quest for the Orb.
     0 | D:1      | Reached XP level 1. HP: 18/18 MP: 1/1
   370 | D:1      | Reached XP level 2. HP: 25/25 MP: 2/2
   648 | D:1      | Reached XP level 3. HP: 30/30 MP: 3/3
   842 | D:2      | Found Zasuoppa's Assorted Antiques.
   987 | D:2      | Bought a yellow potion for 20 gold pieces
   987 | D:2      | Bought a scroll labelled OWNECS XIUPSA for 23 gold pieces
   987 | D:2      | Bought a scroll labelled WIGEHI DAPLIMI for 23 gold pieces
  1108 | D:2      | Reached XP level 4. HP: 32/38 MP: 4/4
  1177 | D:2      | You fall into a shaft and drop 1 floor!
  1230 | D:3      | Noticed a scorpion
  1244 | D:3      | Killed a scorpion
  1245 | D:3      | Reached XP level 5. HP: 31/43 MP: 5/5
  1270 | D:3      | Reached skill level 5 in Fighting
  1270 | D:3      | Reached XP level 6. HP: 35/51 MP: 6/6
  1328 | D:3      | Noticed Robin
  1349 | D:3      | Reached skill level 5 in Armour
  1349 | D:3      | Noticed a black bear
  1367 | D:3      | Killed a black bear
  1389 | D:3      | Killed Robin
  1794 | D:4      | Reached skill level 5 in Shields
  1835 | D:4      | Reached XP level 7. HP: 37/56 MP: 7/7
  2170 | D:4      | Reached skill level 5 in Long Blades
  2319 | D:4      | Identified the +4 spear "Agecy" {vorpal, Contam Fragile
                  | Will+++ Int+8}
  2468 | D:5      | Entered Level 5 of the Dungeon
  2525 | D:5      | Noticed Edmund
  2549 | D:4      | Gained mutation: You have sharp fingernails. [potion of
                  | mutation]
  2556 | D:4      | HP: 3/87 [hound (3)]
  2556 | D:4      | Slain by Edmund

Illustrated notes

Levels and vault maps discovered:
D:1:      ebering_hopf_link, layout_rooms, minmay_pentomino_o2
D:2:      layout_rooms, serial_shops, shop, minmay_puff
D:3:      layout_rooms, uniq_robin
D:4:      cheibrodos_helix_gallery, layout_basic
D:5:      layout_rooms, serial_shops, shop, uniq_edmund, uniq_ijyb

Skill      XL: |  1  2  3  4  5  6  7 |
---------------+----------------------+-----
Fighting       | 4 5 6 |  6.2
Armour         | 4 5 6 |  6.2
Long Blades    | 3 4 5 |  5.5
Shields        | 4 5 |  5.6

Action                   |  1- 3 |  4- 6 |  7- 9 || total
-------------------------+-------+-------+-------++-------
Melee: Long sword        |    91 |   202 |    96 ||   389
 Abil: Hop               |       |     1 |     1 ||     2
  Use: Scroll            |     3 |     2 |       ||     5
       Potion            |       |     1 |     3 ||     4
Armor: Scale mail        |    50 |   162 |    90 ||   302
Dodge: Dodged            |    42 |   128 |    67 ||   237
Block: Buckler           |    24 |    72 |    35 ||   131

Table legend: (Time is in decaauts)
 A = Elapsed time spent in this place.
 B = Non-inter-level travel time spent in this place.
 C = Inter-level travel time spent in this place.
 D = Time resting spent in this place.
 E = Time spent auto-exploring this place.
 F = Levels seen in this place.
 G = Mean time per level.
                   A        B        C        D        E       F      G
               +--------+--------+--------+--------+--------+-----+--------+
         Total |   2932 |   2828 |    104 |     45 |   1925 |   5 |  586.4 |
       Dungeon |   2932 |   2828 |    104 |     45 |   1925 |   5 |  586.4 |
               +--------+--------+--------+--------+--------+-----+--------+

Top non-repeatable levels by time:
     D:1: 954 daAuts
     D:4: 860 daAuts
     D:3: 668 daAuts
     D:2: 357 daAuts
     D:5: 91 daAuts
